[Event "Titled Tuesday Blitz February 21 Late 2023"]
[White "Stoyanov, Tsvetan"]
[Black "Guzman, Christopher"]
[WhiteFideId "2917173"]
[BlackFideId "6405096"]
[WhiteElo "2454"]
[BlackElo "2271"]
[Result "0-1"]
[Round "10"]
[TimeControl "180+2"]
[Date "2023.02.21"]
[WhiteClock "0:00:02"]
[BlackClock "0:01:05"]

1. e4 c6 2. c4 d5 3. cxd5 cxd5 4. exd5 Qxd5 5. Nc3 Qd8 6. Bc4 Nf6 7. Nf3 e6 8. d4 Be7 9. O-O O-O 10. Re1 Nc6 11. a3 Nd5 12. Nxd5 exd5 13. Bd3 Bf6 14. h3 Be6 15. Bc2 Rc8 16. Qd3 g6 17. Qd1 Re8 18. Be3 Qb6 19. b4 a5 20. Rb1 axb4 21. axb4 Na7 22. Ba4 Red8 23. Qd2 Nb5 24. Bxb5 Qxb5 25. Bg5 Bxg5 26. Qxg5 Qd3 27. Qh6 Rc6 28. Ng5 Qf5 29. Qxh7+ Kf8 30. Qh4 Re8 31. Ra1 Kg7 32. Qh7+ Kf8 33. Re5 Qf6 34. Rae1 Rc2 35. Qh6+ Kg8 36. Qh7+ Kf8 37. Qh4 Kg7 38. R5e3 Rh8 39. Nxe6+ fxe6 40. Qxf6+ Kxf6 41. Rxe6+ Kf7 42. Re7+ Kf6 43. Rxb7 Ra8 44. Rb6+ Kf7 45. Rd6 Raa2 46. Rxd5 Rab2 47. b5 Rd2 48. Rd7+ Kf6 49. Rd6+ Kg7 50. b6 Rxf2 51. Re7+ Kf8 52. Ree6 Rxg2+ 53. Kf1 Rbf2+ 54. Ke1 Rb2 55. Rf6+ Kg7 56. Kf1 Rh2 57. Kg1 Rhc2 58. Rxg6+ Kf7 59. Rgf6+ Kg7 60. Kh1 Rc1+ 0-1


[Site "https://www.chess.com"]

[Event "Titled Tuesday Blitz February 21 Late 2023"]
[White "Gorshtein, Ido"]
[Black "Melian, Juan Sebastian"]
[WhiteFideId "2815532"]
[BlackFideId "3706575"]
[WhiteElo "2514"]
[BlackElo "2293"]
[Result "1-0"]
[Round "10"]
[TimeControl "180+2"]
[Date "2023.02.21"]
[WhiteClock "0:00:52"]
[BlackClock "0:00:02"]

1. e4 e5 2. Nf3 Nc6 3. Bb5 a6 4. Ba4 Nf6 5. O-O Be7 6. Re1 d6 7. Bxc6+ bxc6 8. d4 exd4 9. Nxd4 Bd7 10. Qf3 O-O 11. Nc3 Re8 12. b3 Ng4 13. Bb2 Bf6 14. Rad1 Ne5 15. Qe3 Ng6 16. h3 Qc8 17. Ba1 h6 18. Qf3 Nh4 19. Qg3 Ng6 20. Nf3 a5 21. Na4 Bxa1 22. Rxa1 c5 23. Nc3 c4 24. Nd4 cxb3 25. axb3 Qb7 26. Nf5 Re5 27. Ne3 Bc6 28. Nc4 Rc5 29. Na4 Rg5 30. Qe3 Re8 31. Nc3 f5 32. Nxa5 f4 33. Qd4 1-0


[Site "https://www.chess.com"]

[Event "Titled Tuesday Blitz February 21 Late 2023"]
[White "Christiansen, Johan-Sebastian"]
[Black "Postma, Dinant"]
[WhiteFideId "1512668"]
[BlackFideId "1018612"]
[WhiteElo "2579"]
[BlackElo "2131"]
[Result "1-0"]
[Round "10"]
[TimeControl "180+2"]
[Date "2023.02.21"]
[WhiteClock "0:00:16"]
[BlackClock "0:00:04"]

1. e4 c6 2. d4 d5 3. Nd2 dxe4 4. Nxe4 Nf6 5. Nxf6+ exf6 6. Bd3 Bd6 7. Qh5 Be6 8. Ne2 g6 9. Qh6 Nd7 10. Qg7 Rf8 11. Qxh7 Qb6 12. Bh6 Qxb2 13. O-O O-O-O 14. Bxf8 Rxf8 15. Rfb1 Qa3 16. Qh4 f5 17. Nf4 Bxf4 18. Qxf4 Nb6 19. Qd2 Rd8 20. c3 Bd5 21. Qc2 Rh8 22. Rb4 Be6 23. Rab1 Kb8 24. c4 Bc8 25. Qd2 Rd8 26. R1b3 Qa5 27. c5 Be6 28. cxb6 Bxb3 29. bxa7+ Ka8 30. Bf1 Bxa2 31. Qb2 Rd7 32. h4 Bd5 33. Rb6 Qxa7 34. Rb4 Kb8 35. Qc2 b5 36. h5 Qc7 37. h6 Rd8 38. h7 Rh8 39. Qc5 Rxh7 40. Bxb5 Rh8 41. Bxc6+ Kc8 42. Bxd5 Qxc5 43. dxc5 1-0


[Site "https://www.chess.com"]

[Event "Titled Tuesday Blitz February 21 Late 2023"]
[White "Hernandez Sanchez, Elvis De La Caridad"]
[Black "Maksimovic, Bojan"]
[WhiteFideId "6400353"]
[BlackFideId "14408120"]
[WhiteElo "2243"]
[BlackElo "2486"]
[Result "0-1"]
[Round "10"]
[TimeControl "180+2"]
[Date "2023.02.21"]
[WhiteClock "0:00:05"]
[BlackClock "0:00:12"]

1. d4 c5 2. d5 e5 3. e4 d6 4. Nc3 Be7 5. Bb5+ Kf8 6. a4 Bg5 7. Nge2 Bxc1 8. Qxc1 Nf6 9. O-O a6 10. Bd3 Nbd7 11. Nd1 c4 12. Bxc4 Nxe4 13. Qe3 Nef6 14. h3 Qb6 15. Qd2 g6 16. Qh6+ Kg8 17. a5 Qd8 18. Ne3 Qf8 19. Qh4 h6 20. f4 exf4 21. Qxf4 Qe7 22. Rae1 Qe4 23. Qf2 Qe7 24. Ng3 Qf8 25. Bd3 Rh7 26. Kh2 Rg7 27. c4 Nh7 28. Ng4 f5 29. Nxh6+ Kh8 30. Nhxf5 gxf5 31. Nxf5 Nc5 32. Qd4 Bxf5 33. Rxf5 Qg8 34. Bf1 Nd7 35. Bd3 Ne5 36. Bb1 Rf8 37. Rxf8 Qxf8 38. Qe4 Qf2 39. Re2 Qg3+ 40. Kh1 Ng5 41. Qf5 Rf7 42. Qc8+ Kg7 0-1


[Site "https://www.chess.com"]

[Event "Titled Tuesday Blitz February 21 Late 2023"]
[White "Koutlas, Nikolaos"]
[Black "Salimova, Nurgyul"]
[WhiteFideId "25827138"]
[BlackFideId "2915138"]
[WhiteElo "2341"]
[BlackElo "2391"]
[Result "0-1"]
[Round "10"]
[TimeControl "180+2"]
[Date "2023.02.21"]
[WhiteClock "0:00:03"]
[BlackClock "0:00:04"]

1. c4 e6 2. Nc3 d5 3. Nf3 Nf6 4. e3 Bd6 5. d4 O-O 6. Bd3 dxc4 7. Bxc4 c5 8. O-O cxd4 9. Nxd4 Bxh2+ 10. Kh1 Be5 11. Nf3 Qc7 12. Nxe5 Qxe5 13. Qf3 Nc6 14. Rd1 Qc5 15. Bb3 e5 16. Nd5 Nxd5 17. Rxd5 Qe7 18. Qg3 Be6 19. Rb5 a6 20. Rb6 Qc7 21. Bxe6 Qxb6 22. Bf5 Rad8 23. Qg4 g6 24. e4 Qxf2 25. Bh6 Rfe8 26. Bd7 Rxd7 27. Qxd7 Qh4+ 28. Qh3 Qxh3+ 29. gxh3 f6 30. Kg2 Rd8 31. Kf2 Kf7 32. Be3 Ke6 33. Rc1 f5 34. exf5+ gxf5 35. Bb6 Rd2+ 36. Ke3 Rxb2 37. Bc5 Rxa2 38. Rd1 f4+ 39. Kf3 Kf5 40. Rd5 Rh2 41. h4 Rh3+ 42. Kg2 Rxh4 43. Rd7 Rg4+ 44. Kf2 b5 45. Rxh7 Ke4 46. Rh6 Na5 47. Rxa6 Nc4 48. Ra8 f3 49. Rb8 Rg2+ 50. Kf1 Nd2+ 51. Ke1 Re2+ 52. Kd1 Nb3 53. Bb6 Nd4 54. Rf8 Rg2 55. Bxd4 exd4 56. Ke1 b4 57. Rb8 Ke3 58. Re8+ Kd3 59. Rb8 Re2+ 60. Kf1 Kc3 61. Rc8+ Kb2 62. Rd8 b3 63. Rxd4 Kc3 64. Rf4 Re3 65. Rf8 b2 66. Rc8+ Kd2 67. Rb8 Kc2 68. Kf2 Rb3 69. Rc8+ Kd3 0-1


[Site "https://www.chess.com"]

[Event "Titled Tuesday Blitz February 21 Late 2023"]
[White "Skvortsov, Andrei"]
[Black "Grigoriants, Sergey"]
[WhiteFideId "24108600"]
[BlackFideId "4130804"]
[WhiteElo "2313"]
[BlackElo "2562"]
[Result "1/2-1/2"]
[Round "10"]
[TimeControl "180+2"]
[Date "2023.02.21"]
[WhiteClock "0:00:06"]
[BlackClock "0:00:21"]

1. e4 c6 2. d4 d5 3. e5 Bf5 4. c4 e6 5. Nc3 Ne7 6. a3 Nd7 7. Nf3 h6 8. cxd5 Nxd5 9. Bd3 Nxc3 10. bxc3 Bxd3 11. Qxd3 Be7 12. O-O O-O 13. Rb1 b5 14. c4 a6 15. Qe4 Rc8 16. Qc2 Nb6 17. c5 Nc4 18. a4 Qd5 19. Qc3 Rfd8 20. Ra1 Rd7 21. h3 f6 22. axb5 axb5 23. exf6 Bxf6 24. Be3 e5 25. Rad1 Nxe3 26. fxe3 exd4 27. Nxd4 Re8 28. Kh1 Qe4 29. Rf3 Kh7 30. Qb3 Bxd4 31. exd4 Rxd4 32. Rxd4 Qxd4 33. Qf7 Qe4 34. Rg3 Qe1+ 35. Kh2 Qe5 36. Qg6+ Kh8 37. Qxc6 b4 38. Qd6 Qxd6 39. cxd6 Rd8 40. Rb3 Rxd6 41. Rxb4 1/2-1/2


[Site "https://www.chess.com"]

[Event "Titled Tuesday Blitz February 21 Late 2023"]
[White "Mekhitarian, Krikor Sevag"]
[Black "Solon, Nathan"]
[WhiteFideId "2107660"]
[BlackFideId "2017229"]
[WhiteElo "2537"]
[BlackElo "2306"]
[Result "1-0"]
[Round "10"]
[TimeControl "180+2"]
[Date "2023.02.21"]
[WhiteClock "0:00:42"]
[BlackClock "0:00:55"]

1. Nf3 c5 2. c4 Nf6 3. Nc3 d5 4. cxd5 Nxd5 5. g3 Nc7 6. d4 cxd4 7. Qxd4 Bd7 8. Ne5 Nc6 9. Qxd7+ Qxd7 10. Nxd7 Kxd7 11. Bf4 e5 12. O-O-O+ Ke6 13. Be3 Bb4 14. Bg2 Rhd8 15. Ne4 Na6 16. a3 Bf8 17. Kb1 h6 18. b4 Nc7 19. Nc5+ Bxc5 20. Bxc5 a5 21. Rxd8 Rxd8 22. Bxc6 bxc6 23. Bb6 Rd7 24. bxa5 Nb5 25. Rc1 Rd2 26. Rxc6+ Kd7 27. Rc5 Nxa3+ 28. Kc1 Rxe2 29. a6 1-0


[Site "https://www.chess.com"]

[Event "Titled Tuesday Blitz February 21 Late 2023"]
[White "Manelyuk, Daniil"]
[Black "Holt, Conrad"]
[WhiteFideId "44173920"]
[BlackFideId "2034387"]
[WhiteElo "2302"]
[BlackElo "2540"]
[Result "1/2-1/2"]
[Round "10"]
[TimeControl "180+2"]
[Date "2023.02.21"]
[WhiteClock "0:00:29"]
[BlackClock "0:00:29"]

1. e4 e6 2. d4 d5 3. Bd3 dxe4 4. Bxe4 Nf6 5. Bf3 Nbd7 6. Ne2 e5 7. O-O Bd6 8. Nbc3 O-O 9. Be3 Re8 10. Ng3 exd4 11. Bxd4 Ne5 12. Be2 c6 13. Qd2 Be6 14. Rad1 Bc7 15. Qg5 h6 16. Qh4 Ng6 17. Bxf6 Nxh4 18. Bxd8 Bxd8 19. Nce4 Bd5 20. Bd3 Bc7 21. c4 Bxg3 22. cxd5 Be5 23. dxc6 bxc6 24. b3 Rad8 25. Bc4 Bd4 26. Rfe1 Kf8 27. Kf1 Nf5 28. Rd3 Bb6 29. Rf3 Re5 30. g4 Nd6 31. Nxd6 Rxe1+ 32. Kxe1 Rxd6 33. Rxf7+ Ke8 34. f4 Rf6 35. Rxf6 gxf6 36. Ke2 Ke7 37. Kf3 Kd6 38. Ke4 Ba5 39. Kf5 Ke7 40. Kg6 Bd2 41. f5 Bg5 42. h3 Kd6 43. Kh5 Ke7 44. h4 Bd2 45. Kg6 Be1 46. g5 fxg5 47. f6+ Kf8 48. hxg5 hxg5 49. Kxg5 Bc3 50. Kf5 Bd4 51. Ke6 c5 52. f7 Bc3 53. Kd6 Bb4 54. Kc6 a5 55. Kb5 Ke7 56. Ka4 Kf8 57. a3 Bd2 58. Kb5 Bc1 59. Ka4 Ke7 60. Kxa5 Bxa3 61. Kb5 Bb4 62. Kc6 Kf8 63. Kd5 Ba3 64. Kc6 Bb4 65. Kd7 Ba3 66. Bd5 Bb4 67. Kc6 Ba3 68. Kb5 Bb4 69. Kc4 Ke7 70. Kd3 Kf8 71. Ke4 Ke7 72. Kf5 Kf8 73. Kg6 Ba3 74. Bc4 Bb4 75. Bd3 Ba3 76. Be4 Bb4 77. Bd5 Ba3 78. Be6 Bb4 79. Kf5 Ba3 80. Ke5 Bb4 81. Kd5 Ba3 82. Kc4 Bb4 83. Bd5 Ba3 84. Kd3 Bb4 85. Kc2 Ba3 86. Kb1 Bb4 87. Ka2 Ke7 88. Bc4 Kf8 89. Kb2 Ke7 90. Kc2 Kf8 91. Kd3 Ke7 92. Ke4 Kf8 93. Kd5 Ke7 94. Kc6 Kf8 1/2-1/2


[Site "https://www.chess.com"]

[Event "Titled Tuesday Blitz February 21 Late 2023"]
[White "Quispe Arteaga, Gabriel"]
[Black "Chor, Kevin"]
[WhiteFideId "32059809"]
[BlackFideId "2090740"]
[WhiteElo "2381"]
[BlackElo "1944"]
[Result "1-0"]
[Round "10"]
[TimeControl "180+2"]
[Date "2023.02.21"]
[WhiteClock "0:00:45"]
[BlackClock "0:00:18"]

1. c4 c5 2. Nf3 Nc6 3. d4 cxd4 4. Nxd4 g6 5. g3 Bg7 6. Nxc6 bxc6 7. Bg2 Nf6 8. O-O O-O 9. Qa4 Bb7 10. Nc3 Qc7 11. Rd1 Rfd8 12. Bf4 Qb6 13. Qc2 d5 14. Na4 Qa5 15. b4 Qa6 16. Bc7 Rdc8 17. Nc5 Qa3 18. Ba5 Ne4 19. Nxb7 Bxa1 20. Rxa1 Rab8 21. Bxe4 dxe4 22. Nc5 e3 23. Qb3 exf2+ 24. Kxf2 Qxb3 25. axb3 e5 26. Rd1 Kg7 27. Rd7 Re8 28. Rxa7 e4 29. Ke3 Rbc8 30. Rd7 Kh6 31. Rxf7 Kg5 32. Nb7 1-0


[Site "https://www.chess.com"]

[Event "Titled Tuesday Blitz February 21 Late 2023"]
[White "Golubka, Petro"]
[Black "Sadovsky, Artem"]
[WhiteFideId "14114224"]
[BlackFideId "4155840"]
[WhiteElo "2371"]
[BlackElo "2276"]
[Result "1-0"]
[Round "10"]
[TimeControl "180+2"]
[Date "2023.02.21"]
[WhiteClock "0:01:16"]
[BlackClock "0:00:12"]

1. e4 g6 2. g3 d5 3. Bg2 dxe4 4. Bxe4 Nf6 5. Bg2 Bg7 6. Ne2 O-O 7. Nbc3 e5 8. d3 Nc6 9. Be3 Be6 10. h3 Nd5 11. O-O f5 12. Bc5 Rf7 13. f4 b6 14. Bf2 Nce7 15. fxe5 Bxe5 16. Nd4 Bxd4 17. Bxd4 Nxc3 18. Bxc3 Bd5 19. Qe2 Nc6 20. Rae1 Bxg2 21. Qxg2 Qd7 22. Re5 Re8 23. Rd5 Qc8 24. h4 f4 25. Rxf4 Rxf4 26. gxf4 Ne7 27. Re5 Nf5 28. h5 Rxe5 29. Bxe5 Qe6 30. hxg6 hxg6 31. Qa8+ Kf7 32. Qxa7 Ne3 33. Qxc7+ Ke8 34. Qa7 Qg4+ 35. Kf2 Nd1+ 36. Ke1 Qg1+ 37. Kd2 Qf2+ 38. Kxd1 Qf1+ 39. Kd2 Qf2+ 40. Kc3 Qc5+ 41. Kb3 Qb5+ 42. Ka3 Qc5+ 43. b4 Qxc2 44. Qa8+ Kd7 45. Qd5+ Ke7 46. Qd6+ Ke8 47. Qxg6+ Kd7 48. Qf7+ Kc6 49. Qc4+ Kb7 50. Qxc2 Ka6 51. Kb3 b5 52. a3 Kb7 53. a4 Ka6 54. Ka3 Kb7 55. f5 Ka7 56. f6 Ka8 57. f7 Kb7 58. axb5 Kb6 59. Qc6+ Ka7 60. b6+ Ka6 61. b5+ Ka5 62. Bc3# 1-0


[Site "https://www.chess.com"]

[Event "Titled Tuesday Blitz February 21 Late 2023"]
[White "Florescu, Codrut-Constantin"]
[Black "Nasuta, Grzegorz"]
[WhiteFideId "1202200"]
[BlackFideId "1141686"]
[WhiteElo "2259"]
[BlackElo "2552"]
[Result "1-0"]
[Round "10"]
[TimeControl "180+2"]
[Date "2023.02.21"]
[WhiteClock "0:00:08"]
[BlackClock "0:00:01"]

1. e4 g6 2. d4 Bg7 3. Nc3 d6 4. Bg5 a6 5. f4 b5 6. Be2 Bb7 7. Bf3 Nd7 8. e5 Qc8 9. Qe2 dxe5 10. dxe5 e6 11. O-O-O Ne7 12. Bxb7 Qxb7 13. Nf3 Nb6 14. Bxe7 Kxe7 15. Ng5 h6 16. Nge4 Rhd8 17. Qf2 Kf8 18. Qc5+ Kg8 19. h4 Na4 20. Qe7 Re8 21. Nf6+ Bxf6 22. Qxf6 Nxc3 23. bxc3 h5 24. g4 Qf3 25. gxh5 Qxh5 26. Rhg1 Qf5 27. Qxf5 exf5 28. h5 Re6 29. Rd7 Rc6 30. hxg6 fxg6 31. Rh1 Rxc3 32. Rhh7 Rd8 33. Rdg7+ Kf8 34. Rxg6 c5 35. Rf6+ Kg8 36. Ra7 Rf3 37. Rg6+ Kf8 38. Rh6 Kg8 39. Rg6+ Kf8 40. e6 Re8 41. Rf7# 1-0


[Site "https://www.chess.com"]

[Event "Titled Tuesday Blitz February 21 Late 2023"]
[White "Oro, Faustino"]
[Black "Rego, Pedro Filipe"]
[WhiteFideId "20000197"]
[BlackFideId "1904310"]
[WhiteElo "2269"]
[BlackElo "2312"]
[Result "1/2-1/2"]
[Round "10"]
[TimeControl "180+2"]
[Date "2023.02.21"]
[WhiteClock "0:00:24"]
[BlackClock "0:00:18"]

1. Nf3 Nf6 2. e3 d5 3. b3 Bf5 4. Bb2 e6 5. Be2 h6 6. O-O Be7 7. c4 c6 8. Nc3 Nbd7 9. d4 O-O 10. Rc1 a5 11. Re1 Bd6 12. Bd3 Qe7 13. cxd5 cxd5 14. Bxf5 exf5 15. Qd3 g6 16. Nb5 Ne4 17. Nxd6 Qxd6 18. Ne5 Nxe5 19. dxe5 Qd7 20. Qd4 Qe6 21. f3 Ng5 22. Red1 Rfd8 23. Rc5 a4 24. h4 Nh7 25. Rxd5 Rxd5 26. Qxd5 axb3 27. axb3 Nf8 28. Qxb7 Ra2 29. Bd4 Nd7 30. Qc8+ Kh7 31. b4 g5 32. hxg5 hxg5 33. Qd8 Nxe5 34. Qxg5 f6 35. Qh5+ Kg7 36. Bxe5 fxe5 37. Qg5+ Kf7 38. Qd8 Ra7 39. Rd6 Qe7 40. Qxe7+ Kxe7 41. Rb6 f4 42. exf4 exf4 43. b5 Ra2 44. Kh2 Rb2 45. Kh3 Kf7 46. Rb7+ Kg6 47. b6 Kg5 48. Rb8 Rb1 49. Kh2 Kg6 50. b7 Kg7 51. Kh3 Rb2 52. Kg4 Rxg2+ 53. Kxf4 Rb2 54. Kg4 Kh7 55. f4 Rb5 56. f5 Kg7 57. f6+ Kf7 58. Rh8 Rb4+ 59. Kf3 Kxf6 60. b8=Q Rxb8 61. Rxb8 Ke6 62. Rb4 Kd6 63. Re4 Kd5 64. Ke3 Kd6 65. Kd3 Kd5 66. Ke3 Kd6 67. Rd4+ Ke5 68. Rf4 Kd5 69. Re4 1/2-1/2


[Site "https://www.chess.com"]

[Event "Titled Tuesday Blitz February 21 Late 2023"]
[White "Hambleton, Aman"]
[Black "Prydun, Andriy"]
[WhiteFideId "2606577"]
[BlackFideId "14145898"]
[WhiteElo "2420"]
[BlackElo "2134"]
[Result "0-1"]
[Round "10"]
[TimeControl "180+2"]
[Date "2023.02.21"]
[WhiteClock "0:00:01"]
[BlackClock "0:00:03"]

1. d4 Nf6 2. Bf4 e6 3. e3 Bd6 4. Be5 Nc6 5. Nf3 O-O 6. Bd3 a6 7. Bxd6 cxd6 8. e4 b5 9. c3 Bb7 10. Nbd2 Rb8 11. O-O Qe7 12. Re1 Rfc8 13. a4 b4 14. c4 e5 15. d5 Nd8 16. a5 Ba8 17. Nb3 Nb7 18. Nfd2 Nc5 19. Bf1 g6 20. g3 Qd8 21. h4 Qc7 22. Kg2 Qa7 23. Qf3 Kg7 24. Qe3 Ng4 25. Qe2 Nf6 26. f3 Nh5 27. Qe3 Rf8 28. Rad1 Rbc8 29. Nxc5 Qxc5 30. Nb3 Qxe3 31. Rxe3 Rc7 32. Rc1 f5 33. Ree1 fxe4 34. fxe4 Nf6 35. Bd3 Ng4 36. Re2 Rcc8 37. Rf1 Rxf1 38. Kxf1 Rf8+ 39. Kg2 Rc8 40. Re1 Bb7 41. Bf1 Nf6 0-1


[Site "https://www.chess.com"]

[Event "Titled Tuesday Blitz February 21 Late 2023"]
[White "ArchibaldCerveza29"]
[Black "Pakleza, Zbigniew"]
[BlackFideId "1119290"]
[WhiteElo "2503"]
[BlackElo "2494"]
[Result "0-1"]
[Round "10"]
[TimeControl "180+2"]
[Date "2023.02.21"]
[WhiteClock "0:00:01"]
[BlackClock "0:00:02"]

1. e4 d6 2. d4 Nf6 3. Nc3 c6 4. a4 Nbd7 5. g3 e5 6. Nge2 b6 7. Bg2 a6 8. O-O Bb7 9. h3 b5 10. axb5 axb5 11. Rxa8 Bxa8 12. f4 Be7 13. Kh2 O-O 14. Qe1 Re8 15. g4 b4 16. Nd1 exd4 17. Nxd4 c5 18. Nf5 Bf8 19. Nf2 Nxe4 20. Nxe4 Bxe4 21. Bxe4 d5 22. Qd1 dxe4 23. Be3 Nf6 24. Qe2 Qc7 25. Rd1 Rd8 26. Kg2 Nd5 27. Qf2 g6 28. Rxd5 Rxd5 29. Ng3 Qe7 30. f5 Bg7 31. b3 Bd4 32. Qf4 Bxe3 33. Qxe3 Rd4 34. Ne2 Rd8 35. Ng3 Re8 36. Nf1 Qe5 37. fxg6 hxg6 38. Ng3 Qd4 39. Kf2 Kg7 40. Ke2 Re5 41. h4 f5 42. h5 Qxe3+ 43. Kxe3 Kf6 44. hxg6 fxg4 45. Kf4 Re8 46. Nxe4+ Kxg6 47. Nd6 Rd8 48. Nc4 Rd4+ 49. Kg3 Kg5 50. Ne3 Re4 51. Nd5 Re5 0-1


[Site "https://www.chess.com"]

[Event "Titled Tuesday Blitz February 21 Late 2023"]
[White "Bilych, Olexiy"]
[Black "Zochowski, Kacper"]
[WhiteFideId "14156504"]
[BlackFideId "1125494"]
[WhiteElo "2441"]
[BlackElo "2262"]
[Result "1-0"]
[Round "10"]
[TimeControl "180+2"]
[Date "2023.02.21"]
[WhiteClock "0:00:12"]
[BlackClock "0:01:12"]

1. h4 h5 2. e4 e5 3. d4 d6 4. Nf3 Bg4 5. dxe5 Bxf3 6. Qxf3 dxe5 7. Bc4 Nf6 8. Bg5 Nbd7 9. Nc3 c6 10. O-O Be7 11. Ne2 O-O 12. Ng3 g6 13. Rad1 Ng4 14. Nf5 Bxg5 15. hxg5 Qxg5 16. Rxd7 gxf5 17. exf5 b5 18. Bb3 Rfd8 19. Rxf7 Qh4 20. Qh3 Qxh3 21. gxh3 Nh6 22. Rf6+ Kh7 23. Rxc6 Nxf5 24. c3 Rd2 25. Rd1 Rad8 26. Rxd2 Rxd2 27. Rc5 Nh4 28. Rxb5 Kh6 29. Bd5 Rd1+ 30. Kh2 Rd2 31. Kg3 Kg5 32. Be4 Re2 33. Rxe5+ Kf6 34. Re8 Kg5 35. f4+ Kf6 36. Kxh4 Rxb2 37. Bd5 Rf2 38. Bb3 Rxf4+ 39. Kxh5 Kg7 40. Rg8+ Kh7 41. Rg4 Rf3 42. Kh4 a5 43. Ra4 Rf5 44. Bc2 Kh8 45. Bxf5 1-0


[Site "https://www.chess.com"]

[Event "Titled Tuesday Blitz February 21 Late 2023"]
[White "Sonnenschein, Philipp"]
[Black "Aradhya, Garg"]
[WhiteFideId "16250877"]
[BlackFideId "25006746"]
[WhiteElo "2224"]
[BlackElo "2284"]
[Result "1/2-1/2"]
[Round "10"]
[TimeControl "180+2"]
[Date "2023.02.21"]
[WhiteClock "0:00:09"]
[BlackClock "0:00:35"]

1. e4 e5 2. Nf3 Nc6 3. Bb5 a6 4. Ba4 Nge7 5. O-O Ng6 6. Nc3 Bc5 7. Nd5 O-O 8. c3 d6 9. d4 Ba7 10. Bc2 Bg4 11. Re1 Nh4 12. Be3 exd4 13. cxd4 Bxf3 14. gxf3 Nxd4 15. Bxd4 Qg5+ 16. Kf1 Qg2+ 17. Ke2 Qxf3+ 18. Kf1 Bxd4 19. Qxd4 Qg2+ 20. Ke2 Nf3 21. Qc3 Nxe1 22. Rxe1 Qxh2 23. Ne7+ Kh8 24. Nf5 Qe5 25. Qh3 Qxb2 26. Kd1 g6 27. Rh1 h5 28. Qe3 Qa1+ 29. Kd2 Qe5 30. Qh6+ Kg8 31. Rxh5 gxh5 32. Qg5+ Kh7 33. Qxh5+ Kg8 34. Qg4+ Kh7 35. Qh5+ Kg8 36. Nh6+ Kh7 37. Nf5+ 1/2-1/2


[Site "https://www.chess.com"]

[Event "Titled Tuesday Blitz February 21 Late 2023"]
[White "Ezat, Mohamed"]
[Black "Preotu, Razvan"]
[WhiteFideId "10600906"]
[BlackFideId "2613280"]
[WhiteElo "2402"]
[BlackElo "2475"]
[Result "1-0"]
[Round "10"]
[TimeControl "180+2"]
[Date "2023.02.21"]
[WhiteClock "0:01:40"]
[BlackClock "0:00:32"]

1. d4 Nf6 2. c4 g6 3. Nc3 d5 4. Bf4 Bg7 5. Rc1 Nh5 6. Bg5 h6 7. Bh4 c5 8. e3 cxd4 9. exd4 dxc4 10. Bxc4 O-O 11. Nge2 Nc6 12. d5 Ne5 13. Bb3 Bf5 14. O-O Nd3 15. Rc2 Nc5 16. Rd2 g5 17. Ng3 Nxg3 18. Bxg3 Nxb3 19. axb3 Qb6 20. Re1 Bf6 21. Be5 Rfd8 22. d6 Bxe5 23. Rxe5 Be6 24. dxe7 Rxd2 25. Qxd2 Qc7 26. Rxg5+ hxg5 27. Qxg5+ Kh7 28. Ne4 1-0


[Site "https://www.chess.com"]

[Event "Titled Tuesday Blitz February 21 Late 2023"]
[White "Mazurkiewicz, Michal"]
[Black "Fus, Jakub"]
[WhiteFideId "1124943"]
[BlackFideId "1193023"]
[WhiteElo "2145"]
[BlackElo "2417"]
[Result "0-1"]
[Round "10"]
[TimeControl "180+2"]
[Date "2023.02.21"]
[WhiteClock "0:00:03"]
[BlackClock "0:00:39"]

1. e4 c5 2. Nf3 e6 3. d3 d5 4. Nbd2 Nc6 5. g3 Bd6 6. Bg2 Nge7 7. O-O O-O 8. Re1 f6 9. c3 d4 10. cxd4 cxd4 11. Nc4 Bc7 12. a4 e5 13. Bd2 Be6 14. b4 Bxc4 15. dxc4 a5 16. b5 Nb4 17. Qb3 Kh8 18. c5 b6 19. Bxb4 axb4 20. Qxb4 bxc5 21. Qxc5 Bd6 22. Qc4 Qb6 23. Qe6 Bc5 24. Bh3 Qxe6 25. Bxe6 Bb6 26. Rec1 Ra5 27. Nd2 Rfa8 28. Bb3 Bd8 29. Nc4 R5a7 30. Nd6 h6 31. Nf7+ Kh7 32. Nxd8 Rxd8 33. a5 d3 34. b6 Rb7 35. Rd1 Rbb8 36. Bc4 d2 37. Rab1 Nc8 38. Bd5 Rd6 39. Rxd2 Nxb6 40. Rdb2 Nxd5 41. Rxb8 Nc3 42. R1b7 Nxe4 43. Rc8 Rd1+ 44. Kg2 Rd2 45. Rcc7 Rxf2+ 46. Kg1 Kg6 47. Rxg7+ Kf5 48. a6 Ra2 49. a7 Ng5 50. Rgd7 e4 51. Rd8 e3 52. a8=Q Nf3+ 53. Kf1 Rf2# 0-1


[Site "https://www.chess.com"]

[Event "Titled Tuesday Blitz February 21 Late 2023"]
[White "Aydincelebi, Kagan"]
[Black "Yeritsyan, Hayk"]
[WhiteFideId "6361102"]
[BlackFideId "13307320"]
[WhiteElo "2280"]
[BlackElo "2241"]
[Result "1/2-1/2"]
[Round "10"]
[TimeControl "180+2"]
[Date "2023.02.21"]
[WhiteClock "0:00:03"]
[BlackClock "0:00:07"]

1. e4 c6 2. d4 d5 3. exd5 cxd5 4. Bd3 Nf6 5. c3 Bg4 6. Qb3 Qc7 7. h3 Bh5 8. Ne2 Bxe2 9. Bxe2 e6 10. O-O Bd6 11. Nd2 O-O 12. Nf3 Nc6 13. Bg5 Ne4 14. Be3 Bf4 15. Bxf4 Qxf4 16. Qxb7 Rfc8 17. Qa6 Rab8 18. Rab1 Qc7 19. Qa4 Rb6 20. Bd3 Nd6 21. Qc2 Nb4 22. Bxh7+ Kh8 23. Qd2 Kxh7 24. cxb4 Ne4 25. Qe1 Qc2 26. a3 a5 27. Qe3 Qa4 28. bxa5 Qxa5 29. Qf4 Kg8 30. Rfc1 Rcb8 31. Rc7 Nd6 32. Ne5 Rxb2 33. Rxb2 Qxc7 34. Rxb8+ Qxb8 35. Kh2 f6 36. Nd3 Qc7 37. Nc5 Kf7 38. g3 Nb5 39. Qe3 Qc6 40. a4 Nd6 41. Qxe6+ Kg6 42. Nd7 Qc2 43. Kg2 Ne4 44. Qg4+ Kf7 45. Qf4 Qxa4 46. Ne5+ Ke6 47. Nf3 Qc2 48. Nh4 g5 49. Qf5+ Ke7 50. Ng6+ Kf7 51. Ne5+ Kg7 52. Ng4 Kf7 53. h4 gxh4 54. gxh4 Qd1 55. h5 Qxd4 56. h6 Ng5 57. h7 Nxh7 58. Qxh7+ Ke6 59. Qh3 Qe4+ 60. Qf3 f5 61. Qxe4+ fxe4 62. Kf1 Kf5 63. Ne3+ Ke5 64. Ke2 d4 65. Nf1 Kf4 66. Ke1 Kf3 67. Nd2+ Kf4 68. Nc4 e3 69. fxe3+ dxe3 70. Nxe3 1/2-1/2


[Site "https://www.chess.com"]

[Event "Titled Tuesday Blitz February 21 Late 2023"]
[White "Martinez Ramirez, Lennis"]
[Black "Bambino Filho, Antonio Carlos"]
[WhiteFideId "3509079"]
[BlackFideId "2113163"]
[WhiteElo "2426"]
[BlackElo "2144"]
[Result "0-1"]
[Round "10"]
[TimeControl "180+2"]
[Date "2023.02.21"]
[WhiteClock "0:00:03"]
[BlackClock "0:00:03"]

1. c4 c5 2. g3 Nc6 3. Bg2 g6 4. Nc3 Bg7 5. a3 e5 6. b4 d6 7. e3 f5 8. d3 Nf6 9. Rb1 O-O 10. Nge2 Qe7 11. O-O Be6 12. Nd5 Qf7 13. Nec3 Rab8 14. Qa4 a6 15. bxc5 dxc5 16. Rb6 Nd7 17. Rxc6 bxc6 18. Qxc6 Rfc8 19. Qa4 e4 20. dxe4 Ne5 21. exf5 Bxf5 22. e4 Be6 23. f4 Nc6 24. e5 Nd4 25. Ne4 Rd8 26. Nxc5 Qa7 27. Nxe6 Nxe6+ 28. Be3 Qd7 29. Qxa6 Nc7 30. Nxc7 Qxc7 31. Bd5+ Kh8 32. Qa4 Bf8 33. Bd4 Bc5 34. Qd1 Rb2 35. e6+ Bxd4+ 36. Qxd4+ Qg7 37. Qxg7+ Kxg7 38. f5 gxf5 39. Rxf5 Rf8 40. e7 Re8 41. Rf7+ Kg6 42. h4 Rd2 43. h5+ Kxh5 44. a4 Kg4 45. Rg7+ Kh3 46. Kf1 Rb8 47. Ke1 Ra2 48. Be6+ Kg2 49. Bf5 Rbb2 50. Be4+ Kg1 0-1


[Site "https://www.chess.com"]

[Event "Titled Tuesday Blitz February 21 Late 2023"]
[White "Kleiman, Jake"]
[Black "Feng, Eric"]
[WhiteFideId "2020041"]
[BlackFideId "30952590"]
[WhiteElo "2399"]
[BlackElo "1951"]
[Result "0-1"]
[Round "10"]
[TimeControl "180+2"]
[Date "2023.02.21"]
[WhiteClock "0:00:48"]
[BlackClock "0:01:40"]

1. e4 c6 2. Nc3 d5 3. Qe2 d4 4. Nd1 e5 5. d3 Be6 6. g3 Nd7 7. Bh3 Qe7 8. f4 g6 9. Nf2 Bg7 10. Nf3 O-O-O 11. f5 gxf5 12. exf5 Bd5 13. Ne4 Ngf6 14. Bg5 h6 15. Bh4 Qb4+ 16. c3 dxc3 17. bxc3 Qa5 18. O-O Rhe8 19. Nd6+ Kc7 20. Nxe8+ Rxe8 21. c4 Qc5+ 22. Kh1 e4 23. cxd5 exf3 24. Qxf3 Nxd5 25. Qh5 Bxa1 26. Rxa1 Qd4 27. Qd1 Nc3 28. Qf1 Re2 29. g4 f6 30. Bg3+ Ne5 31. Rc1 Rd2 32. Qf4 Qd5+ 33. Kg1 Ne2+ 0-1


[Site "https://www.chess.com"]